 Dungeon Crawl Stone Soup version 0.19-a0-821-gf489216 (webtiles) character file.

17911323 suvakkihuora the Axe Maniac (level 27, 273/273 HPs)
             Began as a Minotaur Venom Mage on June 27, 2016.
             Was the Champion of Makhleb.
             Escaped with the Orb
             ... and 15 runes on June 29, 2016!
             The game lasted 05:40:48 (86250 turns).

suvakkihuora the Axe Maniac (Minotaur Venom Mage)  Turns: 86250, Time: 05:40:49

Health: 273/273    AC: 47    Str: 26    XL:     27
Magic:  46/46      EV: 28    Int: 22    God:    Makhleb [******]
Gold:   11690      SH:  0    Dex: 17    Spells: 9 memorised, 22 levels left

rFire  + + .     SeeInvis +     T - suvakkihuora's Volume of the Evil Voyage
rCold  + . .     Gourm    .     E - +10 pearl dragon armour
rNeg   + . .     Faith    .     (no shield)
rPois  +         Spirit   .     K - +3 hat of Pondering {ponderous, MR+ MP+10 Int+5}
rElec  +         Dismiss  .     Z - +2 cloak {rPois}
rCorr  .         Reflect  .     P - +2 pair of gloves {Str+3}
SustAt .         Harm     .     M - +2 pair of boots {run}
MR     +++..                    W - amulet of Sent {RegenMP rF+ Int+4 SInv}
Stlth  +++.......               n - ring "Tewacag" {Dex+4 Slay+6}
                                R - ring "Qovuaj" {rElec rF+ rC+ Stlth+}

@: repel missiles, extremely resistant to hostile enchantments, fairly stealthy
A: retaliatory headbutt, horns 2
a: Minor Destruction, Lesser Servant of Makhleb, Major Destruction, Greater
Servant of Makhleb, Renounce Religion
0: Orb of Zot
}: 15/15 runes: serpentine, barnacled, slimy, silver, golden, iron, obsidian,
icy, bone, abyssal, demonic, glowing, magical, fiery, dark


You escaped.
You worshipped Makhleb.
Makhleb was exalted by your worship.
You were not hungry.

You visited 18 branches of the dungeon, and saw 90 of its levels.
You visited Pandemonium 1 time, and saw 19 of its levels.
You visited the Abyss 5 times.
You visited 2 ziggurats, and saw 23 of their levels (deepest: 14).

You collected 14919 gold pieces.
You spent 3229 gold pieces at shops.

Inventory:

Hand Weapons
 a - a +9 executioner's axe of freezing
 b - the +12 battleaxe of Chance {holy, Dex+2}
   (Trog gifted it to you on level 3 of the Elven Halls)

   It has been blessed by the Shining One to cause great damage to the undead
   and demons.
   It affects your dexterity (+2).
 C - the +4 staff of Dispater
   (You took it off Dispater on level 7 of the Iron City of Dis)
Missiles
 f - 10 throwing nets (quivered)
Armour
 E - a +10 pearl dragon armour (worn)
 K - the +3 hat of Pondering (worn) {ponderous, MR+ MP+10 Int+5}
   (You found it on level 5 of the Pits of Slime)

   It affects your intelligence (+5).
   It affects your resistance to hostile enchantments.
   It affects your magic capacity (+10).
 M - a +2 pair of boots of running (worn)
 P - a +2 pair of gloves of strength (worn)
 S - the +1 pair of boots "Vodwaola" {rElec rC+ rCorr}
   (You found it on level 13 of a ziggurat)

   It protects you from cold.
   It insulates you from electricity.
   It protects you from acid and corrosion.
 Z - a +2 cloak of poison resistance (worn)
Jewellery
 c - the ring "Ceckopnu" {rN+ MR+ Int+3 SInv}
   (You took it off an ancient champion on level 3 of the Crypt)

   [ring of positive energy]

   It affects your intelligence (+3).
   It protects you from negative energy.
   It affects your resistance to hostile enchantments.
   It lets you see invisible.
 l - an uncursed ring of resist corrosion
 m - the ring of Dutah {SustAt Int+4}
   (You found it on level 5 of the Vaults)

   [ring of sustain attributes]

   It sustains your strength, intelligence and dexterity.
   It affects your intelligence (+4).
 n - the ring "Tewacag" (right hand) {Dex+4 Slay+6}
   (You found it on level 5 of the Pits of Slime)

   [ring of dexterity]

   It affects your dexterity (+4).
   It affects your accuracy and damage with ranged weapons and melee attacks
   (+6).
 s - the ring of Ohapsunt {Wiz Dex+3}
   (You found it on level 3 of the Tomb of the Ancients)

   [ring of wizardry]

   It improves your spell success rate.
   It affects your dexterity (+3).
 R - the ring "Qovuaj" (left hand) {rElec rF+ rC+ Stlth+}
   (You found it on level 4 of a ziggurat)

   [ring of protection from fire]

   It protects you from fire.
   It protects you from cold.
   It insulates you from electricity.
   It makes you more stealthy.
 V - a +5 ring of protection
 W - the amulet of Sent (around neck) {RegenMP rF+ Int+4 SInv}
   (You found it on level 7 of a ziggurat)

   [amulet of magic regeneration]

   It increases your magic regeneration.
   It affects your intelligence (+4).
   It protects you from fire.
   It lets you see invisible.
Wands
 o - a wand of digging (11/24)
 t - a wand of teleportation (7/9)
 B - a wand of disintegration (17/24)
 X - a wand of heal wounds (6/9)
Scrolls
 e - 7 scrolls of immolation
 h - 37 scrolls of remove curse
 i - 13 scrolls of blinking
 k - 2 scrolls of fog
 u - a scroll of magic mapping
 y - 6 scrolls of identify
 N - 2 scrolls of holy word
 Q - 7 scrolls of recharging
Potions
 r - 5 potions of magic
 v - 26 potions of curing
 w - 7 potions of cure mutation
 x - 10 potions of might
 F - 8 potions of agility
 H - 2 potions of resistance
 I - 7 potions of cancellation
 J - 10 potions of flight
 L - 3 potions of heal wounds
 O - 9 potions of brilliance
Books
 T - suvakkihuora's Volume of the Evil Voyage
   (You acquired it in Pandemonium)

   Spells                             Type                      Level
   a - Corpse Rot                     Necromancy                   2
   b - Animate Dead                   Necromancy                   4
   c - Warp Weapon                    Charms/Translocation         5
   d - Excruciating Wounds            Charms/Necromancy            5
   e - Dispel Undead                  Necromancy                   5
Miscellaneous
 d - a phial of floods
 g - a lamp of fire
 j - the horn of Geryon
 p - 7 phantom mirrors
 A - 3 sacks of spiders
 D - a fan of gales
 Y - 6 boxes of beasts
Comestibles
 q - 11 meat rations


   Skills:
 O Level 27 Fighting
 O Level 27 Axes
 O Level 27 Armour
 + Level 24.7 Dodging
 O Level 27 Stealth
   Level 3.6 Shields
 - Level 10.0 Spellcasting
 - Level 11.4 Charms
 - Level 13.0 Necromancy
 - Level 7.2 Translocations
   Level 2.9 Poison Magic
 - Level 9.0 Invocations
 * Level 17.6 Evocations


You had 22 spell levels left.
You knew the following spells:

 Your Spells              Type           Power        Failure   Level  Hunger
a - Control Undead        Necr           ######....   1%          4    ##.....
b - Blink                 Tloc           N/A          1%          2    None
c - Call Imp              Summ           ##......     14%         2    None
d - Repel Missiles        Chrm/Air       #####.       1%          2    None
e - Apportation           Tloc           #####.....   1%          1    None
f - Passage of Golubria   Tloc           N/A          6%          4    ##.....
g - Summon Butterflies    Summ           ##......     10%         1    None
h - Regeneration          Chrm/Necr      ######....   1%          3    None
i - Dispel Undead         Necr           ######..     1%          5    ####...


Dungeon Overview and Level Annotations

Branches:
Dungeon (15/15)            Temple (1/1) D:7            Lair (6/6) D:11
 Shoals (4/4) Lair:4        Snake (4/4) Lair:4        Slime (5/5) Lair:6
    Orc (2/2) D:11            Elf (3/3) Orc:2        Vaults (5/5) D:13
  Crypt (3/3) Vaults:3       Tomb (3/3) Crypt:3      Depths (5/5) D:15
   Hell (1/1)                 Dis (7/7) Hell            Geh (7/7) Hell
    Coc (7/7) Hell            Tar (7/7) Hell            Zot (5/5) Depths:5

Altars:
Ashenzari
Cheibriados
Dithmenos
Elyvilon
Fedhas
Gozag
Hepliaklqana
Kikubaaqudgha
Makhleb
Nemelex Xobeh
Okawaru
Pakellas
Qazlal
Ru
Sif Muna
Trog
Vehumet
Xom
Yredelemnul
The Shining One
Beogh
Jiyva
Lugonu

Shops:
D:6 [   D:8 **?[   D:11 [   Orc:2 ?[%:   Elf:2 (   Shoals:2 *   Depths:2 ([*
Depths:4 [

Portals:
Hell: Lair:6 Depths:1 Depths:2 Depths:3 Depths:4 Depths:5
Abyss: Depths:1 Depths:4 Depths:5
Pandemonium: Depths:1 Depths:3

Annotations:
Depths:1 exclusion: 2 doors
Depths:5 1 runed door
Abyss:1 Azrael, Urug


Innate Abilities, Weirdness & Mutations

You reflexively headbutt those who attack you in melee.
You have a pair of horns on your head.


Message History

There is a stone staircase leading up here.
You climb upwards.
There is a stone staircase leading down here.
There is a stone staircase leading up here.
You climb upwards.
There is a stone staircase leading down here.
You see here a mace.
Evoke which item? (* to show all) (? for menu, Esc to quit)
Zapping:
o - a wand of digging (12/24)
Press: ? - help, Shift-Dir - straight line The rock shatters into small pieces.
This wand has 11 charges left.
Unknown command.
There is a staircase leading out of the dungeon here.
Wield which item (- for none, * to show all)? (? for menu, Esc to quit)
Okay, then.
Unknown command.
Wield which item (- for none, * to show all)? (? for menu, Esc to quit)
The +12 battleaxe of Chance {holy, Dex+2} stops glowing.
T - suvakkihuora's Volume of the Evil Voyage You have escaped!

########'####
#.##..#...........
########....#
##.##.#...........
.........##.#
#..#.####....####
########.#..# ##...##
#.......# ### #.#..#
##....###.....### ###.#
#.#).# ##.....#.'.....#
....# #.#..#
##...#..###...###
###.####.#.##
#...###..##...# .........#[#
#.@.# ##.##...# ...........#
#...# #.##...# ....########
###.## ##..#...# ##.##
#...####..###'## .#.#
##....##..####.# .#.#####
#........##....# ..(....#
###.....###....# .#.....#
###...###....#
...>.############.###......#


There were no monsters in sight!

Vanquished Creatures
  Cerebov (Pan)
  Asmodeus (Geh:7)
  Antaeus (Coc:7)
  the Royal Jelly (Slime:5)
  Gloorx Vloq (Pan)
  Ereshkigal (Tar:7)
  the Serpent of Hell (Geh:7)
  A seraph (Pan)
  4 pandemonium lords
  Mnoleg (Pan)
  Lom Lobon (Pan)
  Dispater (Dis:7)
  Khufu (Crypt:2)
  4 orbs of fire
  Mennas (Pan)
  Mara (Crypt:3)
  3 juggernauts
  12 ancient liches
  34 greater mummies
  3 Killer Klowns (Zot:5)
  Vashnia (Snake:2)
  Geryon (Hell)
  3 shard shrikes (Coc:7)
  Margery (Depths:4)
  Frederick (Depths:5)
  Saint Roka (Snake:2)
  3 curse toes
  2 caustic shrikes
  Jory (Depths:4)
  9 golden dragons
  2 iron giants (Dis:7)
  the Enchantress (Depths:5)
  A pearl dragon (Pan)
  15 Tzitzimimeh
  5 bone dragons
  2 doom hounds
  12 Brimstone Fiends
  Jorgrun (Snake:2)
  Rupert (Lair:3)
  4 electric golems
  7 Hell Sentinels
  23 Orb Guardians
  11 Ice Fiends
  10 liches
  21 tentacled monstrosities
  A shard shrike skeleton (Crypt:3)
  9 titans
  15 acid blobs
  Asterion (Depths:1)
  12 Executioners
  A deep elf blademaster (Elf:3)
  A deep elf master archer (Elf:3)
  14 sphinxes
  Polyphemus (Shoals:2)
  2 quicksilver dragons (Dis:4)
  A kraken (Shoals:1)
  A tentacled starspawn (Zig:11)
  6 death cobs
  13 ancient champions
  The ghost of Sar the Fighter, an adept NaWn of Uskayaw (Snake:1)
  The ghost of tstbtto the Severer, an adept DDFi of Yredelemnul (Snake:3)
  17 storm dragons
  The ghost of tstbtto the Severer, an adept DDFi of Yredelemnul (Shoals:4)
  6 shadow dragons
  16 azure jellies
  2 warmongers
  Kirke (Elf:1)
  10 tengu reavers
  4 draconian monks
  The ghost of ololoev the Impaler, an adept VSWn of Okawaru (Shoals:1)
  Ilsuiw (Shoals:4)
  10 frost giants
  8 fire giants
  5 revenants
  8 greater nagas
  14 daevas
  Donald (Snake:4)
  A chaos champion (Pan)
  Aizul (Snake:1)
  15 vault wardens
  5 draconian knights
  Louise (Snake:4)
  2 ghost moths (Zot:4)
  6 deep elf sorcerers
  3 iron dragons
  2 orc warlords
  8 draconian shifters
  23 angels
  8 draconian zealots
  8 curse skulls
  4 draconian scorchers
  10 cacodemons
  5 deep elf elementalists
  17 balrugs
  7 spriggan defenders
  18 ghouls
  9 war gargoyles
  14 ironheart preservers
  3 juggernaut skeletons
  2 entropy weavers (Zig:9)
  3 elemental wellsprings
  11 draconian annihilators
  29 stone giants
  37 reapers
  28 very ugly things
  13 ophanim
  5 draconian callers
  6 deep elf demonologists
  11 vampire knights
  7 green draconians
  2 corrupters (Pan)
  17 apis (Pan)
  8 black draconians
  13 yellow draconians
  17 deep elf annihilators
  5 white draconians
  2 dire elephants (Lair:6)
  The ghost of Xiguana the Grappler, a journeyman VSMo of Cheibriados (Snake:2)
  6 lorocyprocas
  10 mottled draconians
  14 purple draconians
  15 red draconians
  7 spark wasps
  A black sun (Zig:7)
  5 merfolk javelineers
  21 mummy priests
  5 death oozes (Slime:5)
  Snorg (D:11)
  9 blizzard demons
  9 ettins
  7 deep elf death magi
  7 green deaths
  A crystal guardian (Vaults:5)
  11 eidola
  3 quicksilver dragon zombies
  12 merfolk impalers
  10 ogre magi
  12 jiangshi
  6 deep elf high priests
  8 great orbs of eyes
  18 yaktaur captains
  4 kraken zombies
  32 ice dragons
  3 rakshasas
  19 fire dragons
  3 quicksilver dragon skeletons
  7 hydras
  28 vault guards
  Harold (Lair:3)
  13 centaur warriors
  3 ghost crabs
  A ghost crab (shapeshifter) (Depths:4)
  6 spriggan air magi
  A catoblepas (Shoals:2)
  2 alligator snapping turtles
  17 naga warriors
  4 death knights
  A satyr (shapeshifter) (Elf:3)
  18 anacondas
  6 merfolk aquamancers
  2 satyrs
  24 dancing weapons
  7 death yaks
  12 deep troll earth magi
  3 merfolk avatars
  29 death scarabs
  3 tengu warriors
  5 deep troll shamans
  6 orc high priests
  19 hell hogs
  6 thrashing horrors
  12 naga sharpshooters
  4 titan zombies
  10 vampire magi
  15 deep elf knights
  6 spriggans
  22 soul eaters
  22 shock serpents
  Nergalle (Lair:2)
  Sonja (D:12)
  3 storm dragon zombies
  29 sun demons
  4 spriggan berserkers
  13 iron golems
  4 titan skeletons
  5 wretched stars
  4 storm dragon skeletons
  3 spatial maelstroms
  A spark wasp zombie (Depths:1)
  9 iron trolls
  11 salamander mystics
  8 shadow wraiths
  12 hell knights
  94 skeletal warriors
  2 death drakes
  18 cherubim
  18 flayed ghosts
  11 sea snakes
  An infernal demonspawn (Pan)
  11 shadow demons
  2 swamp dragons (shapeshifter)
  3 unseen horrors
  15 ironbrand convokers
  3 tengu zombies
  4 anaconda zombies
  2 torturous demonspawn
  10 naga ritualists
  28 deep trolls
  5 golden dragon zombies
  12 deep elf archers
  5 giant orange brains
  5 shadow dragon zombies
  2 ghost moth zombies
  A putrid demonspawn (Pan)
  An obsidian statue (Zig:8)
  4 lindwurms (Snake:4)
  9 hill giants
  6 anaconda skeletons
  A harpy (shapeshifter) (D:12)
  17 harpies
  13 orc knights
  A wolf spider zombie (Geh:7)
  30 anubis guards
  9 necromancers
  4 frost giant zombies
  The ghost of 4thArraOfDagon the Chopper, a novice FoMo of Makhleb (D:12)
  3 tengu skeletons
  Pikel (D:7)
  8 griffons
  3 shadow dragon skeletons
  14 mana vipers
  26 phantasmal warriors
  A hornet (shapeshifter) (D:12)
  6 orc sorcerers
  57 deep elf magi
  4 shining eyes (Slime:5)
  A sphinx skeleton (Depths:4)
  38 ugly things
  6 wizards
  2 golden dragon skeletons
  3 iron dragon zombies
  2 manticores (shapeshifter)
  7 oklob plants
  3 hornets
  7 stone giant zombies
  19 cyclopes
  8 fauns
  5 wolf spiders
  8 manticores
  An apocalypse crab (Zig:1)
  A frost giant skeleton (Tar:6)
  A worldbinder (Zig:11)
  12 moths of wrath
  2 dire elephant zombies
  4 iron dragon skeletons
  7 fire giant zombies
  A cyclops (shapeshifter) (Vaults:5)
  A shock serpent zombie (Geh:7)
  9 sixfirhies
  An elephant (Lair:6)
  3 ice statues
  23 salamanders
  2 torpor snails
  13 guardian serpents
  An alligator snapping turtle zombie (Crypt:1)
  49 black mambas
  3 fire giant skeletons
  26 smoke demons
  4 stone giant skeletons
  7 sirens
  28 naga magi
  18 vault sentinels
  9 water nymphs
  11 orange demons
  28 rust devils
  15 molten gargoyles (Geh:7)
  2 rime drakes
  3 dire elephant skeletons
  7 eyes of devastation
  4 gargoyles
  A spiny frog (shapeshifter) (Vaults:5)
  6 spiny frogs
  A spectral swamp worm (Tar:7)
  A catoblepas zombie (Dis:5)
  2 kobold demonologists
  3 emperor scorpion zombies
  A rime drake (shapeshifter) (Vaults:1)
  4 yaktaur zombies
  9 hellions
  2 komodo dragons (shapeshifter) (Vaults:2)
  3 human zombies
  5 demonic crawlers
  21 freezing wraiths
  2 spriggan zombies (Hell)
  18 tormentors
  17 red devils
  39 guardian mummies
  4 efreet
  6 komodo dragons
  12 hellwings
  24 ice devils
  3 yaktaur skeletons (Vaults:3)
  A silent spectre (Tar:7)
  A jumping spider (shapeshifter) (Vaults:1)
  An iron troll skeleton (Crypt:1)
  10 hydra zombies
  8 tengu conjurers
  38 yaktaurs
  5 ancient zymes
  A catoblepas skeleton (Tar:7)
  A troll (shapeshifter) (Depths:4)
  A meliai (shapeshifter) (Vaults:4)
  A merfolk (shapeshifter) (Vaults:5)
  A giant leech (shapeshifter) (Vaults:5)
  2 minotaur zombies
  A harpy zombie (Coc:7)
  6 polar bears
  16 trolls
  49 merfolk
  7 wind drakes
  6 bog bodies
  A shadow dragon simulacrum (Crypt:3)
  22 two-headed ogres
  A wind drake (shapeshifter) (D:14)
  A death drake skeleton (Crypt:3)
  3 deep troll zombies (Hell)
  3 ice dragon zombies
  A blink frog (shapeshifter) (Vaults:3)
  8 fire dragon zombies
  62 slime creatures
  7 hydra skeletons
  A jumping spider zombie (Crypt:3)
  A moth of wrath zombie (Crypt:2)
  17 blink frogs
  2 boulder beetles
  2 stone giant simulacra
  A meliai zombie (D:12)
  32 large abominations
  5 alligator zombies
  An iron dragon simulacrum (Depths:4)
  A raiju (Zig:11)
  9 snapping turtles
  A fire giant simulacrum (Depths:4)
  10 ushabtiu
  4 alligator skeletons
  A griffon skeleton (Crypt:1)
  2 ettin zombies
  7 redbacks
  A frost giant simulacrum (Vaults:3)
  An air elemental (Abyss:3)
  A tarantella (Vaults:4)
  A centaur simulacrum (D:14)
  5 ettin skeletons
  A redback (shapeshifter) (Elf:2)
  16 shadows
  22 water elementals
  6 fire dragon skeletons
  107 flying skulls
  3 ice dragon skeletons
  27 wraiths
  2 spriggans (shapeshifter)
  3 wyverns
  11 ynoxinuls
  3 elf zombies
  A hog (shapeshifter) (Vaults:1)
  52 yaks
  The ghost of Shenda the Pure, an amateur DrAK of Lugonu (D:6)
  A black mamba skeleton (Geh:7)
  A yak (shapeshifter) (Vaults:3)
  A golden eye (shapeshifter) (Zig:10)
  7 basilisks
  14 fire elementals
  3 hogs (Elf:1)
  Eustachio (D:4)
  Grum (D:11)
  A basilisk (shapeshifter) (Depths:2)
  2 hungry ghosts
  2 golden eyes
  15 neqoxecs
  22 vampire mosquitoes
  11 chaos spawn
  11 hippogriffs
  A yaktaur simulacrum (Vaults:1)
  52 nagas
  9 wargs
  Edmund (D:4)
  A spatial vortex (Geh:4)
  3 insubstantial wisps (Lair:5)
  5 spiny frog zombies
  A merfolk zombie (Geh:4)
  A soldier ant (D:12)
  A water nymph zombie (Crypt:2)
  A mottled dragon (Vaults:2)
  2 giant eyeballs (Slime:5)
  43 hell hounds
  2 hydra simulacra (Hell)
  7 porcupines
  4 slaves (D:7)
  A giant eyeball (shapeshifter) (Elf:3)
  12 water moccasins
  3 spiny frog skeletons
  Duvessa (D:4)
  5 sky beasts
  A merfolk skeleton (Geh:5)
  63 orc warriors
  7 wasps
  11 eyes of draining
  4 ice beasts
  A manticore zombie (Coc:7)
  2 swamp dragon zombies
  An alligator simulacrum (Coc:7)
  2 snapping turtle zombies
  6 black bears
  A phantom (D:10)
  12 starcursed masses
  13 necrophages
  20 centaurs
  60 ogres
  A boggart (Depths:3)
  10 wolves
  A manticore skeleton (Geh:4)
  3 swamp dragon skeletons
  A snapping turtle skeleton (Geh:4)
  10 crocodiles
  2 elf skeletons
  An anubis guard skeleton (Crypt:3)
  A komodo dragon zombie (Crypt:1)
  3 big kobolds
  10 giant frogs
  8 human skeletons
  3 earth elementals
  A gnoll sergeant (D:12)
  Dowan (D:4)
  2 wyvern skeletons
  10 scorpions
  A troll zombie (Coc:3)
  2 hell hound skeletons
  13 killer bees
  A shapeshifter zombie (Crypt:2)
  A hippogriff zombie (Crypt:2)
  26 wights
  A spriggan skeleton (Crypt:1)
  2 vampire bats (D:13)
  A troll skeleton (Geh:7)
  2 howler monkeys
  5 electric eels
  6 crimson imps
  3 centaur zombies
  3 basilisk zombies (Lair:5)
  2 human simulacra (Vaults:2)
  6 jellies
  A quasit (Depths:3)
  40 orc priests
  6 hounds
  8 centaur skeletons
  6 giant frog skeletons
  23 orc wizards
  30 iron imps
  Ijyb (D:2)
  7 small abominations
  A hell rat (Lair:6)
  9 worker ants
  9 iguanas
  A killer bee zombie (D:6)
  27 sheep
  A sky beast zombie (Crypt:1)
  An ogre zombie (Geh:5)
  An ogre skeleton (Crypt:2)
  A naga skeleton (Pan)
  44 mummies
  A worker ant zombie (D:10)
  Robin (D:4)
  17 gnolls
  2 howler monkey zombies
  14 adders
  14 river rats
  9 shadow imps
  12 white imps
  2 ufetubi
  An ooze (D:1)
  8 worms
  7 giant geckos
  146 orcs
  A ball python (D:2)
  15 giant cockroaches
  2 gnoll zombies (D:6)
  6 goblins
  14 hobgoblins
  7 jackals
  22 kobolds
  3 quokkas
  A river rat zombie (Crypt:3)
  A ball python skeleton (D:5)
  24 bats
  6 giant newts
  An orc skeleton (Crypt:2)
  An orc zombie (Tar:2)
  2 quokka skeletons
  6 rats
  A rat skeleton (Crypt:2)
  A fire vortex (Pan)
  4 fungi
  10 plants
  9 tentacles
  14 withered plants
4351 creatures vanquished.

Vanquished Creatures (collateral kills)
  An acid blob (Slime:4)
  2 greater nagas (Snake:4)
  A revenant (Zig:12)
  A balrug (Zig:13)
  A deep elf elementalist (Elf:3)
  A mummy priest (Tomb:2)
  A yaktaur captain (Vaults:2)
  2 merfolk impalers (Shoals:4)
  2 naga warriors (Snake:4)
  3 vault guards (Vaults:5)
  An ice dragon (Zot:1)
  A merfolk avatar (Shoals:4)
  A hydra (Lair:2)
  A merfolk aquamancer (Shoals:4)
  A hell hog (Zig:13)
  A sun demon (Lair:6)
  A titan skeleton (Zig:13)
  4 salamander mystics (Snake:4)
  3 anubis guards
  An orc sorcerer (Snake:2)
  2 shining eyes (Slime:4)
  A cyclops (Vaults:2)
  A frost giant zombie (Zig:13)
  A frost giant skeleton (Zig:13)
  A guardian serpent (Snake:4)
  A smoke demon (Lair:6)
  2 orange demons (Lair:6)
  A spiny frog (Lair:2)
  3 naga magi (Snake:4)
  A hellion (Zig:13)
  An ice devil (Lair:6)
  A guardian mummy (Tomb:2)
  2 red devils
  A bog body (Coc:7)
  A large abomination (Pan)
  3 ushabtiu
  A wraith (Zig:13)
  A fire elemental (Geh:7)
  A chaos spawn (Zig:11)
  A naga (Snake:4)
  A giant eyeball (Slime:4)
  2 orc warriors (Vaults:2)
  An eye of draining (Slime:5)
  A centaur (Shoals:4)
  2 sheep (Shoals:4)
  A mummy (Tomb:2)
  2 orcs (Vaults:2)
67 creatures vanquished.

Vanquished Creatures (others)
  A shard shrike (Coc:7)
  A lich (Tomb:2)
  4 eldritch tentacles
  A ghost moth (Zot:4)
  A reaper (Zig:12)
  An elemental wellspring (Coc:7)
  An ironheart preserver (Vaults:3)
  A green draconian (Zot:3)
  A yellow draconian (Zot:3)
  A purple draconian (Zot:3)
  An ice dragon (Coc:5)
  37 death scarabs (Tomb:2)
  A tengu warrior (D:14)
  2 deep troll shamans (Depths:4)
  2 hell hogs (Geh:7)
  A deep elf knight (Elf:1)
  A shadow demon (Pan)
  A deep troll (Depths:4)
  A deep elf mage (Elf:1)
  3 moths of wrath (Zot:5)
  A centaur zombie (D:13)
  2 smoke demons
  An orange demon (Pan)
  A spiny frog (Lair:1)
  A hellion (Geh:5)
  3 hellwings (Pan)
  A large abomination (Pan)
  A slime creature (D:14)
  A two-headed ogre (Depths:2)
  5 flying skulls
  A human (Elf:1)
  2 yaks
  A wraith (Geh:7)
  2 water elementals
  A vampire mosquito (D:12)
  A golden eye (Pan)
  A chaos spawn (Pan)
  A neqoxec (Pan)
  A water moccasin (Lair:1)
  A hell hound (Geh:7)
  An ogre (D:13)
  A centaur (Vaults:1)
  A wyvern zombie (D:12)
  4 mummies (Tomb:2)
  An adder (D:12)
  26 ball lightnings (Pan)
  2 bushes (Lair:3)
  311 eldritch tentacle segments
  3 fungi
  37 plants
  2 starspawn tentacles (Zig:11)
  10 tentacles
  331 tentacle segments
  12 withered plants
834 creatures vanquished.

Grand Total: 5252 creatures vanquished

Notes
Turn   | Place    | Note
--------------------------------------------------------------
     0 | D:1      | suvakkihuora the Minotaur Venom Mage began the quest for the Orb.
     0 | D:1      | Reached XP level 1. HP: 14/14 MP: 1/1
   316 | D:1      | Reached skill level 1 in Fighting
   364 | D:1      | Reached XP level 2. HP: 18/24 MP: 3/3
  1301 | D:2      | Reached XP level 3. HP: 31/31 MP: 0/4
  1828 | D:2      | Noticed Ijyb
  1910 | D:2      | Killed Ijyb
  1910 | D:2      | Reached XP level 4. HP: 39/41 MP: 1/5
  2391 | D:3      | Reached skill level 5 in Fighting
  3048 | D:3      | Reached skill level 1 in Axes
  3048 | D:3      | Reached XP level 5. HP: 25/49 MP: 4/6
  3255 | D:3      | Found a shimmering altar of Xom.
  3267 | D:3      | Found a hazy altar of Hepliaklqana.
  3267 | D:3      | Noticed a yak
  3268 | D:3      | Noticed a spectral ugly thing
  3268 | D:3      | Noticed a yak
  3502 | D:4      | Reached XP level 6. HP: 58/58 MP: 5/7
  3857 | D:4      | Reached XP level 7. HP: 51/66 MP: 8/8
  3943 | D:4      | Noticed Robin
  3952 | D:4      | Reached skill level 5 in Axes
  3967 | D:4      | Killed Robin
  4095 | D:4      | Noticed Eustachio
  4132 | D:4      | Killed Eustachio
  4180 | D:4      | Noticed Edmund
  4196 | D:4      | Killed Edmund
  4526 | D:4      | Noticed Dowan
  4527 | D:4      | Noticed Duvessa
  4548 | D:4      | Killed Duvessa
  4548 | D:4      | Reached XP level 8. HP: 28/74 MP: 9/9
  4553 | D:4      | Killed Dowan
  4742 | D:5      | Entered Level 5 of the Dungeon
  5320 | D:6      | Noticed Shenda's ghost (amateur DrAK)
  5338 | D:6      | Killed Shenda's ghost
  5425 | D:6      | Found a basalt altar of Yredelemnul.
  5746 | D:6      | Found Laclih's Armour Shoppe.
  5758 | D:6      | Reached skill level 10 in Axes
  5769 | D:6      | Bought a +1 hat for 110 gold pieces
  6146 | D:6      | Found an ancient bone altar of Kikubaaqudgha.
  6424 | D:7      | Reached XP level 9. HP: 75/81 MP: 10/10
  6707 | D:7      | Found a staircase to the Ecumenical Temple.
  6726 | Temple   | Entered the Ecumenical Temple
  6753 | Temple   | Became a worshipper of Trog the Wrathful
  6786 | D:7      | Noticed Pikel
  6827 | D:7      | Killed Pikel
  6931 | D:7      | Reached skill level 1 in Armour
  7574 | D:8      | Found Huudghogo's Magic Scroll Boutique.
  7578 | D:8      | Found Madousm's General Store.
  7580 | D:8      | Found Viaczefie's Magic Scroll Shoppe.
  7586 | D:8      | Bought a scroll of identify for 22 gold pieces
  7596 | D:8      | Bought a scroll of enchant weapon for 97 gold pieces
  7596 | D:8      | Bought a scroll of blinking for 97 gold pieces
  7596 | D:8      | Bought a scroll of identify for 26 gold pieces
  7596 | D:8      | Bought a scroll of identify for 26 gold pieces
  7596 | D:8      | Bought a scroll of identify for 26 gold pieces
  7603 | D:8      | Found Volanyfa's Antique Armour Boutique.
  7818 | D:8      | Found Gigip's Assorted Antiques.
  7829 | D:8      | Bought a scroll labeled TONESI SONO for 24 gold pieces
  8112 | D:8      | Reached XP level 10. HP: 87/88 MP: 11/11
  8185 | D:9      | Reached * piety under Trog
  8323 | D:9      | Reached skill level 5 in Dodging
  8355 | D:9      | Reached skill level 5 in Armour
  8441 | D:9      | Got an encrusted leather armour
  8452 | D:9      | Identified the +1 leather armour of Trial and Error {rC+ Regen+ Str+2} (You found it on level 9 of the Dungeon)
  8987 | D:10     | Entered Level 10 of the Dungeon
  9142 | D:10     | Reached ** piety under Trog
  9817 | D:8      | Bought a scroll labeled HEKHLI NIGG for 24 gold pieces
  9888 | D:11     | Noticed a purple ugly thing
  9902 | D:11     | Killed a purple ugly thing
  9966 | D:11     | Noticed a cyclops
  9982 | D:11     | Killed a cyclops
 10052 | D:11     | Found a staircase to the Orcish Mines.
 10082 | D:11     | Noticed a green ugly thing
 10089 | D:11     | Killed a green ugly thing
 10089 | D:11     | Reached XP level 11. HP: 94/94 MP: 12/12
 10150 | D:11     | Found Aneghuf's Armour Boutique.
 10180 | D:11     | Noticed a hill giant
 10198 | D:11     | Killed a hill giant
 10265 | D:11     | Noticed Snorg
 10284 | D:11     | Killed Snorg
 10321 | D:11     | Found a staircase to the Lair.
 10345 | D:11     | Noticed a hill giant
 10353 | D:11     | Killed a hill giant
 10392 | D:11     | Reached *** piety under Trog
 10508 | D:11     | Noticed Grum
 10540 | D:11     | Killed Grum
 10759 | Orc:1    | Entered Level 1 of the Orcish Mines
 10759 | Orc:1    | Noticed an orc warlord
 10873 | Orc:1    | Killed an orc warlord
 10873 | Orc:1    | Reached skill level 15 in Axes
 10969 | Orc:2    | Entered Level 2 of the Orcish Mines
 10981 | Orc:2    | Reached **** piety under Trog
 11545 | Orc:2    | Reached ***** piety under Trog
 11586 | Orc:1    | Reached XP level 12. HP: 92/104 MP: 13/13
 11754 | Orc:1    | Noticed an orc high priest
 11786 | Orc:1    | Killed an orc high priest
 12002 | Orc:2    | Found a roughly hewn altar of Beogh.
 12035 | Orc:2    | Reached skill level 10 in Armour
 12103 | Orc:2    | Reached skill level 10 in Fighting
 12135 | Orc:2    | Found Efiliuq's Magic Scroll Emporium.
 12160 | Orc:2    | Reached skill level 10 in Dodging
 12243 | Orc:2    | Found Fonynaag's Antique Armour Shoppe.
 12293 | Orc:2    | Bought a glowing cloak for 175 gold pieces
 12494 | Orc:2    | Found a staircase to the Elven Halls.
 12866 | Orc:2    | Received a gift from Trog
 12898 | Orc:2    | Noticed an orc warlord
 12920 | Orc:2    | Killed an orc warlord
 13064 | Orc:2    | Noticed an orc high priest
 13076 | Orc:2    | Killed an orc high priest
 13077 | Orc:2    | Found Cimas's Book Emporium.
 13154 | Orc:2    | Found Uwuuduh's Food Shop.
 13155 | Orc:2    | Noticed an orc high priest
 13173 | Orc:2    | Killed an orc high priest
 13241 | Orc:2    | Found a roughly hewn altar of Beogh.
 13242 | Orc:2    | Noticed an orc high priest
 13253 | Orc:2    | Killed an orc high priest
 13349 | Orc:2    | Noticed an orc high priest
 13360 | Orc:2    | Killed an orc high priest
 13360 | Orc:2    | Reached XP level 13. HP: 103/116 MP: 14/14
 14103 | D:12     | Reached ****** piety under Trog
 14148 | D:12     | Received a gift from Trog
 14393 | D:12     | Noticed Sonja
 14411 | D:12     | Noticed 4thArraOfDagon's ghost (novice FoMo)
 14413 | D:12     | Killed Sonja
 14486 | D:12     | Noticed Azrael
 14499 | D:12     | Banished Azrael
 14629 | D:12     | Killed 4thArraOfDagon's ghost
 15004 | D:13     | Found a gate to the Vaults.
 15278 | D:13     | Reached XP level 14. HP: 104/129 MP: 11/15
 15791 | D:14     | Received a gift from Trog
 16142 | D:11     | Bought the +6 scale mail of Benevolence {rPois rF+} for 835 gold pieces
 16222 | Lair:1   | Entered Level 1 of the Lair of Beasts
 16931 | Lair:2   | Noticed Nergalle
 16941 | Lair:2   | Killed Nergalle
 17630 | Lair:3   | Noticed Urug
 17633 | Lair:3   | Banished Urug
 17715 | Lair:3   | Noticed Harold
 17733 | Lair:3   | Killed Harold
 18031 | Lair:3   | Noticed Rupert
 18149 | Lair:3   | Killed Rupert
 18152 | Lair:3   | Cast into level 2 of the Abyss (a distortion unwield)
 18408 | Abyss:4  | Noticed a starcursed mass
 18450 | Abyss:4  | Found a deep blue altar of Sif Muna.
 18452 | Abyss:4  | Found an opulent altar of Gozag.
 18454 | Abyss:4  | Found a sparkling altar of Nemelex Xobeh.
 18454 | Abyss:4  | Found a white marble altar of Elyvilon.
 18454 | Abyss:4  | Found a hazy altar of Hepliaklqana.
 18454 | Abyss:4  | Found a glowing golden altar of the Shining One.
 18455 | Abyss:4  | Found a shadowy altar of Dithmenos.
 18455 | Abyss:4  | Found a stormy altar of Qazlal.
 18455 | Abyss:4  | Found a shattered altar of Ashenzari.
 18455 | Abyss:4  | Found a hide-covered altar of Uskayaw.
 18456 | Abyss:4  | Found a basalt altar of Yredelemnul.
 18456 | Abyss:4  | Found a shimmering altar of Xom.
 18456 | Abyss:4  | Found an oddly glowing altar of Pakellas.
 18467 | Abyss:4  | Gained mutation: You are dopey. (Int -2) [a neqoxec]
 18475 | Lair:3   | Escaped the Abyss
 18676 | Lair:4   | Found a staircase to the Snake Pit.
 18764 | Lair:4   | Received a gift from Trog
 18767 | Lair:4   | Got a steaming broad axe {god gift}
 18768 | Lair:4   | Identified the +8 broad axe of Unpleasantness {antimagic, -Tele MR- Int+8 Stlth+} (Trog gifted it to you on level 4 of the Lair of Beasts)
 18996 | Lair:4   | Found a staircase to the Shoals.
 19128 | Lair:5   | Reached skill level 15 in Fighting
 19155 | Lair:6   | Entered Level 6 of the Lair of Beasts
 19388 | Lair:6   | Reached skill level 15 in Armour
 19442 | Lair:6   | Found a viscous altar of Jiyva.
 19443 | Lair:6   | Found a staircase to the Slime Pits.
 19579 | Lair:6   | Reached XP level 15. HP: 141/141 MP: 16/16
 19951 | Lair:6   | Got a pitted hand axe
 19954 | Lair:6   | Identified the +5 hand axe "Eraigh" {holy, rN+ Int+2} (You found it on level 6 of the Lair of Beasts)
 20084 | Lair:6   | Received a gift from Trog
 20107 | Lair:6   | Found a burning altar of Makhleb.
 20132 | Lair:6   | Found a gateway to Hell.
 21111 | Snake:1  | Entered Level 1 of the Snake Pit
 21123 | Snake:1  | Noticed Aizul
 21138 | Snake:1  | Killed Aizul
 21155 | Snake:1  | Identified a scroll of acquirement
 21434 | D:14     | Gained mutation: Your spells are a little harder to cast, but a little more powerful. [potion of mutation]
 21434 | D:14     | Gained mutation: You are frail. (-10% HP) [potion of mutation]
 21434 | D:14     | Gained mutation: Your skin changes colour to match your surroundings (Stealth+). [potion of mutation]
 21435 | D:14     | Gained mutation: Potions and wands are less effective at restoring your health. [potion of mutation]
 21435 | D:14     | Gained mutation: Your body sometimes deteriorates upon taking damage. [potion of mutation]
 21436 | D:14     | Lost mutation: You are frail. (-10% HP) [potion of cure mutation]
 21436 | D:14     | Lost mutation: Your spells are a little harder to cast, but a little more powerful. [potion of cure mutation]
 21436 | D:14     | Lost mutation: You are dopey. (Int -2) [potion of cure mutation]
 21436 | D:14     | Lost mutation: Potions and wands are less effective at restoring your health. [potion of cure mutation]
 21591 | D:14     | Noticed a fire giant
 22224 | D:15     | Entered Level 15 of the Dungeon
 22241 | D:15     | Received a gift from Trog
 22487 | D:15     | Found a staircase to the Depths.
 22905 | D:15     | Reached XP level 16. HP: 134/151 MP: 5/17
 23506 | Depths:1 | Entered Level 1 of the Depths
 23661 | Depths:1 | Found a corrupted altar of Lugonu.
 23662 | Depths:1 | Found a one-way gate to the infinite horrors of the Abyss.
 24422 | Elf:1    | Entered Level 1 of the Elven Halls
 24624 | Elf:1    | Identified the Handbook of Battle Magic
 24647 | Elf:1    | Noticed Kirke
 24656 | Elf:1    | Killed Kirke
 25097 | Elf:1    | Got a translucent steel ring
 25099 | Elf:1    | Identified the ring of Haic Jics {*Corrode rN+ MP+9 Str+3} (You found it on level 1 of the Elven Halls)
 25649 | Elf:2    | Found Jiuren's Antique Weapon Emporium.
 25745 | Elf:2    | Received a gift from Trog
 25863 | Elf:2    | Found a runed gate.
 25865 | Elf:2    | Found a runed gate.
 26012 | Elf:2    | Found a runed gate.
 26294 | Elf:2    | Reached XP level 17. HP: 102/160 MP: 18/18
 26659 | Elf:3    | Entered Level 3 of the Elven Halls
 26820 | Elf:3    | Received a gift from Trog
 26842 | Elf:3    | Got an ichor-stained broad axe {god gift}
 26843 | Elf:3    | Identified the +0 broad axe of Imp's Death {speed, rC++ Dex-3} (Trog gifted it to you on level 3 of the Elven Halls)
 28093 | Elf:3    | Noticed a deep elf master archer
 28102 | Elf:3    | Noticed a Tzitzimitl
 28104 | Elf:3    | Killed a deep elf master archer
 28217 | Elf:3    | Noticed a Hell Sentinel
 28321 | Elf:3    | Received a gift from Trog
 28328 | Elf:3    | Noticed a deep elf blademaster
 28345 | Elf:3    | Killed a deep elf blademaster
 28538 | Elf:3    | Cast into level 4 of the Abyss (deep elf elementalist)
 28642 | Abyss:4  | Found a corrupted altar of Lugonu.
 28743 | Abyss:4  | Noticed a bone dragon
 28751 | Abyss:4  | Killed a bone dragon
 28783 | Elf:3    | Escaped the Abyss
 29188 | Elf:3    | Reached XP level 18. HP: 145/173 MP: 19/19
 29304 | Elf:3    | Got a translucent crystal amulet
 29307 | Elf:3    | Identified the amulet of Cefocet {Reflect Fragile rF+ rC+ SH+2} (You took it off a deep elf elementalist on level 3 of the Elven Halls)
 29413 | Elf:3    | Received a gift from Trog
 29416 | Elf:3    | Got a brightly glowing battleaxe {god gift}
 29417 | Elf:3    | Identified the +12 battleaxe of Chance {holy, Dex+2} (Trog gifted it to you on level 3 of the Elven Halls)
 29619 | Orc:2    | Bought a scroll of enchant armour for 105 gold pieces
 29619 | Orc:2    | Bought a scroll of recharging for 133 gold pieces
 29794 | D:8      | Bought a scroll of enchant armour for 97 gold pieces
 30381 | Snake:1  | Noticed Sar's ghost (adept NaWn)
 30393 | Snake:1  | Killed Sar's ghost
 30669 | Snake:1  | Received a gift from Trog
 31288 | Snake:2  | Noticed Vashnia
 31402 | Snake:2  | Killed Vashnia
 31907 | Snake:2  | Noticed Saint Roka
 31948 | Snake:2  | Paralysed by an orc sorcerer for 2 turns
 31953 | Snake:2  | Noticed Jorgrun
 31958 | Snake:2  | Killed Saint Roka
 31979 | Snake:2  | Killed Jorgrun
 32515 | Snake:2  | Noticed Xiguana's ghost (journeyman VSMo)
 32521 | Snake:2  | Killed Xiguana's ghost
 32788 | Snake:3  | Received a gift from Trog
 33890 | Snake:3  | Reached XP level 19. HP: 150/187 MP: 20/20
 34081 | Snake:3  | Noticed tstbtto's ghost (adept DDFi)
 34094 | Snake:3  | Killed tstbtto's ghost
 34173 | Snake:3  | Received a gift from Trog
 35130 | Snake:4  | Entered Level 4 of the Snake Pit
 35361 | Snake:4  | Noticed Donald
 35378 | Snake:4  | Killed Donald
 35834 | Snake:4  | Received a gift from Trog
 35967 | Snake:4  | Noticed Louise
 35985 | Snake:4  | Killed Louise
 36770 | Snake:4  | Received a gift from Trog
 37500 | Snake:4  | Got a serpentine rune of Zot
 37860 | Vaults:1 | Entered Level 1 of the Vaults
 37875 | Vaults:1 | Reached XP level 20. HP: 122/200 MP: 21/21
 38390 | Vaults:2 | Reached skill level 1 in Evocations
 38404 | Vaults:2 | Received a gift from Trog
 40288 | Vaults:2 | Received a gift from Trog
 40964 | Vaults:3 | Reached skill level 15 in Dodging
 41009 | Vaults:3 | Reached skill level 5 in Evocations
 41216 | Vaults:3 | Received a gift from Trog
 41355 | Vaults:3 | Upgraded the game from 0.19-a0-805-g0a78ef0 to 0.19-a0-811-gf4045fb
 41557 | Vaults:3 | Found a staircase to the Crypt.
 42178 | Vaults:4 | Reached XP level 21. HP: 199/211 MP: 24/24
 42327 | Vaults:4 | Received a gift from Trog
 42813 | Temple   | Fell from the grace of Trog
 42813 | Temple   | Became a worshipper of Makhleb the Destroyer
 43055 | Crypt:1  | Entered Level 1 of the Crypt
 43380 | Crypt:1  | Found an ancient bone altar of Kikubaaqudgha.
 44189 | Crypt:2  | Reached * piety under Makhleb
 44236 | Crypt:2  | Noticed a greater mummy
 44236 | Crypt:2  | Noticed Khufu
 44241 | Crypt:2  | Killed a greater mummy
 44626 | Crypt:2  | Reached ** piety under Makhleb
 44642 | Crypt:3  | Entered Level 3 of the Crypt
 44888 | Crypt:2  | Noticed a greater mummy
 44895 | Crypt:2  | Killed Khufu
 45347 | Crypt:3  | Reached *** piety under Makhleb
 45495 | Crypt:2  | Paralysed by Trog for 2 turns
 45568 | Crypt:3  | Noticed a curse toe
 45574 | Crypt:3  | Killed a curse toe
 45574 | Crypt:3  | Reached XP level 22. HP: 212/222 MP: 27/27
 45660 | Crypt:3  | Noticed Mara
 45679 | Crypt:3  | Noticed suvakkihuora's illusion
 45794 | Crypt:3  | Found a staircase to the Tomb.
 45817 | Tomb:1   | Entered Level 1 of the Tomb of the Ancients
 46171 | Crypt:3  | Got a transparent silver ring
 46213 | Crypt:3  | Noticed suvakkihuora's illusion
 46299 | Crypt:3  | Killed Mara
 46316 | Crypt:2  | Killed a greater mummy
 46333 | Crypt:2  | Identified the ring of Yplunehira {rN+ Dex+5} (You took it off an ancient champion on level 3 of the Crypt)
 46361 | Crypt:3  | Reached **** piety under Makhleb
 46363 | Crypt:3  | Got a warped glass ring
 46364 | Crypt:3  | Identified the ring "Ceckopnu" {rN+ MR+ Int+3 SInv} (You took it off an ancient champion on level 3 of the Crypt)
 46516 | Crypt:3  | Found an ancient bone altar of Kikubaaqudgha.
 46518 | Crypt:3  | Found a basalt altar of Yredelemnul.
 46518 | Crypt:3  | Noticed a curse toe
 46530 | Crypt:3  | Killed a curse toe
 46905 | Crypt:3  | Got a faintly glowing bone ring
 46916 | Crypt:3  | Identified the ring "Wavi" {rElec rF- rN+ Dex+4} (You took it off a mummy priest on level 3 of the Crypt)
 47251 | Crypt:3  | Identified the Reference Book on Conjuration and the Snowflakes
 47548 | Crypt:2  | Reached ***** piety under Makhleb
 47618 | Crypt:2  | Reached skill level 10 in Evocations
 49458 | Lair:4   | Paralysed by Trog for 3 turns
 49497 | Shoals:1 | Entered Level 1 of the Shoals
 49574 | Shoals:2 | Noticed Polyphemus
 49592 | Shoals:2 | Killed Polyphemus
 49611 | Shoals:2 | Found Otietoq's General Store.
 49623 | Shoals:2 | Bought a scroll of blinking for 150 gold pieces
 49623 | Shoals:2 | Bought a scroll of summoning for 190 gold pieces
 49623 | Shoals:2 | Bought 2 potions of curing for 120 gold pieces
 49623 | Shoals:2 | Bought a scroll of summoning for 190 gold pieces
 49891 | Shoals:1 | Was forgiven by Trog
 50033 | Shoals:1 | Noticed ololoev's ghost (adept VSWn)
 50047 | Shoals:1 | Killed ololoev's ghost
 50193 | Shoals:2 | Learned a level 4 spell: Control Undead
 50251 | Shoals:2 | Reached XP level 23. HP: 191/232 MP: 30/30
 50307 | Shoals:2 | Reached ****** piety under Makhleb
 51343 | Shoals:4 | Entered Level 4 of the Shoals
 51427 | Shoals:4 | Reached skill level 5 in Spellcasting
 51601 | Shoals:4 | Learned a level 2 spell: Blink
 51604 | Shoals:4 | Learned a level 2 spell: Call Imp
 51607 | Shoals:4 | Learned a level 2 spell: Repel Missiles
 51631 | Shoals:4 | Noticed Ilsuiw
 51722 | Shoals:4 | Killed Ilsuiw
 51722 | Shoals:4 | Reached skill level 1 in Translocations
 51727 | Shoals:4 | Reached skill level 1 in Charms
 52460 | Shoals:4 | Noticed tstbtto's ghost (adept DDFi)
 52476 | Shoals:4 | Killed tstbtto's ghost
 52512 | Shoals:4 | Got a barnacled rune of Zot
 52725 | Slime:1  | Entered Level 1 of the Pits of Slime
 53128 | Slime:5  | Entered Level 5 of the Pits of Slime
 53256 | Slime:5  | Gained mutation: You passively map a small area around you. [a shining eye]
 53261 | Slime:5  | Gained mutation: Armour fits poorly on your strangely shaped body. [a shining eye]
 53278 | Slime:5  | Noticed the Royal Jelly
 53296 | Slime:5  | Killed the Royal Jelly
 53296 | Slime:5  | Reached skill level 5 in Translocations
 53306 | Slime:5  | Reached skill level 5 in Charms
 53350 | Slime:5  | Gained mutation: Your spells are a little harder to cast, but a little more powerful. [a shining eye]
 53371 | Slime:5  | Gained mutation: You tend to lose your temper in combat. [a shining eye]
 53381 | Slime:5  | Got a slimy rune of Zot
 53470 | Slime:5  | Got a fine platinum amulet
 53471 | Slime:5  | Identified the amulet of the Salmon {Gourm +Inv Dex+7} (You found it on level 5 of the Pits of Slime)
 53476 | Slime:5  | Got a wavering platinum ring
 53477 | Slime:5  | Identified the ring "Tewacag" {Dex+4 Slay+6} (You found it on level 5 of the Pits of Slime)
 53488 | Slime:5  | Reached XP level 24. HP: 240/240 MP: 31/31
 53562 | Slime:5  | Identified a +1 pair of boots of running (You found it on level 5 of the Pits of Slime)
 53574 | Slime:5  | Learned a level 1 spell: Apportation
 53579 | Slime:5  | Learned a level 4 spell: Passage of Golubria
 53589 | Slime:5  | Identified the Incunabulum of Excruciating Calling
 53755 | Lair:6   | Lost mutation: Your body sometimes deteriorates upon taking damage. [potion of cure mutation]
 53755 | Lair:6   | Lost mutation: Armour fits poorly on your strangely shaped body. [potion of cure mutation]
 53755 | Lair:6   | Lost mutation: You tend to lose your temper in combat. [potion of cure mutation]
 53755 | Lair:6   | Lost mutation: You passively map a small area around you. [potion of cure mutation]
 53755 | Lair:6   | Lost mutation: Your spells are a little harder to cast, but a little more powerful. [potion of cure mutation]
 54158 | Vaults:5 | Entered Level 5 of the Vaults
 54184 | Vaults:5 | Reached skill level 1 in Invocations
 54444 | Vaults:5 | Got a glittering copper ring
 54445 | Vaults:5 | Identified the ring of Dutah {SustAt Int+4} (You found it on level 5 of the Vaults)
 54458 | Vaults:5 | Identified the Guide on Moulding and Translocation (You found it on level 5 of the Vaults)
 54515 | Vaults:5 | Identified the Guide on Fetching Calling
 54704 | Vaults:5 | Reached skill level 5 in Invocations
 54960 | Vaults:5 | Noticed an ancient lich
 54966 | Vaults:5 | Killed an ancient lich
 54981 | Vaults:5 | Cast into level 3 of the Abyss (vault guard)
 55019 | Abyss:3  | Found a glowing golden altar of the Shining One.
 55042 | Abyss:3  | Noticed a juggernaut
 55050 | Abyss:3  | Killed a juggernaut
 55052 | Abyss:3  | Got an abyssal rune of Zot
 55114 | Vaults:5 | Escaped the Abyss
 55246 | Vaults:5 | Reached XP level 25. HP: 248/251 MP: 31/31
 55381 | Vaults:5 | Got a silver rune of Zot
 55552 | Vaults:5 | Got an ancient tin amulet
 55553 | Vaults:5 | Identified the amulet of Qahe {+Rage rN+ Dex+3} (You acquired it on level 5 of the Vaults)
 55755 | Depths:1 | Noticed Asterion
 55771 | Depths:1 | Killed Asterion
 55805 | Depths:1 | Found a one-way gate leading to the halls of Pandemonium.
 55858 | Depths:1 | Found a large runed door.
 55859 | Depths:1 | Found a large runed door.
 55987 | Depths:1 | Got a fine plate armour
 56008 | Depths:1 | Identified the +9 plate armour of the Black Moon {*Corrode +Fly rC+++ Int+2} (You found it on level 1 of the Depths)
 56450 | Depths:2 | Reached skill level 1 in Necromancy
 56465 | Depths:2 | Found Gozag's Antique Armour Shop.
 56470 | Depths:2 | Found an opulent altar of Gozag.
 56473 | Depths:2 | Bought a pair of embroidered gloves for 450 gold pieces
 56484 | Depths:2 | Found Gozag's Antique Weapon Boutique.
 56487 | Depths:2 | Found Gozag's Assorted Antiques.
 56908 | Depths:2 | You fall through a shaft!
 57387 | Depths:3 | Reached skill level 5 in Stealth
 58318 | Hell     | Entered the Vestibule of Hell
 58318 | Hell     | Noticed Geryon
 58326 | Hell     | Killed Geryon
 58356 | Hell     | Noticed an ancient lich
 58454 | Depths:3 | Killed an ancient lich
 58454 | Depths:3 | Reached XP level 26. HP: 261/261 MP: 31/31
 58467 | Hell     | Reached skill level 5 in Necromancy
 58514 | Hell     | Found a gateway to the decaying netherworld of Tartarus.
 58619 | Hell     | Found a gateway to the freezing wastes of Cocytus.
 58701 | Hell     | Found a gateway to the ashen valley of Gehenna.
 58932 | Depths:4 | Gained mutation: You have an increased reservoir of magic. (+10% MP) [potion of beneficial mutation]
 58933 | Depths:4 | Gained mutation: You possess an exceptional clarity of mind. [potion of beneficial mutation]
 59103 | Depths:4 | Noticed Margery
 59116 | Depths:4 | Killed Margery
 59172 | Depths:4 | Noticed Jory
 59179 | Depths:4 | Killed Jory
 59208 | Depths:4 | Found Onamniab's Antique Armour Emporium.
 59226 | Depths:4 | Bought a pair of embroidered gloves for 166 gold pieces
 59247 | Depths:4 | Bought a glowing cloak for 166 gold pieces
 59431 | Depths:4 | Noticed a juggernaut
 59440 | Depths:4 | Killed a juggernaut
 59652 | Depths:5 | Entered Level 5 of the Depths
 59655 | Depths:5 | Noticed a juggernaut
 59671 | Depths:5 | Killed a juggernaut
 59672 | Depths:5 | Noticed Frederick
 59674 | Depths:5 | Found a gateway to a ziggurat.
 59684 | Depths:5 | Killed Frederick
 59724 | Zig:1    | Entered Level 1 of a ziggurat
 59745 | Zig:2    | Entered Level 2 of a ziggurat
 59776 | Zig:3    | Entered Level 3 of a ziggurat
 59808 | Zig:4    | Entered Level 4 of a ziggurat
 59841 | Zig:5    | Entered Level 5 of a ziggurat
 59852 | Zig:5    | Reached skill level 10 in Stealth
 59915 | Zig:6    | Entered Level 6 of a ziggurat
 60011 | Zig:6    | Got a steaming broad axe
 60012 | Zig:6    | Identified the +8 broad axe of the Nexus {freeze, Str+3} (You found it on level 6 of a ziggurat)
 60016 | Zig:7    | Entered Level 7 of a ziggurat
 60156 | Zig:7    | Learned a level 1 spell: Summon Butterflies
 60326 | Zig:8    | Entered Level 8 of a ziggurat
 60388 | Zig:8    | Identified the Disquisition on the Traveller and Beguiling
 60409 | Zig:9    | Entered Level 9 of a ziggurat
 60561 | Depths:5 | Reached XP level 27. HP: 257/269 MP: 29/34
 60769 | Depths:5 | Reached skill level 10 in Necromancy
 61030 | Depths:5 | Found a runed door.
 61037 | Depths:5 | Found a runed door.
 61105 | Depths:5 | Found a runed door.
 61123 | Depths:5 | Found a runed door.
 61165 | Depths:5 | Noticed the Enchantress
 61173 | Depths:5 | Killed the Enchantress
 61196 | Depths:5 | Gained mutation: You are partially covered in rough black scales. (AC +4, Dex -1) [potion of beneficial mutation]
 61203 | Depths:5 | Got a faerie dragon armour
 61204 | Depths:5 | Identified the +3 faerie dragon armour {rC+} (You took it off the Enchantress on level 5 of the Depths)
 61230 | Depths:5 | Found a runed door.
 61234 | Depths:5 | Found a runed door.
 61407 | Depths:5 | Found a gate to the Realm of Zot.
 61416 | Zot:1    | Entered Level 1 of the Realm of Zot
 61565 | Zot:1    | Reached skill level 15 in Stealth
 61685 | Zot:1    | Noticed an orb of fire
 61702 | Zot:1    | Killed an orb of fire
 63235 | Zot:3    | Noticed an orb of fire
 63250 | Zot:3    | Lost mutation: You have an increased reservoir of magic. (+10% MP) [an orb of fire]
 63262 | Zot:3    | Killed an orb of fire
 64591 | Zot:5    | Entered Level 5 of the Realm of Zot
 65246 | Zot:5    | Noticed an ancient lich
 65301 | Zot:5    | Noticed an ancient lich
 65308 | Zot:5    | Noticed an ancient lich
 65315 | Zot:5    | Killed an ancient lich
 65321 | Zot:5    | Killed an ancient lich
 65348 | Zot:5    | Noticed an ancient lich
 65352 | Zot:5    | Killed an ancient lich
 65359 | Zot:5    | Killed an ancient lich
 66257 | Tomb:1   | Noticed a greater mummy
 66496 | Tomb:1   | Killed a greater mummy
 66708 | Tomb:2   | Noticed a greater mummy
 66708 | Tomb:2   | Noticed a greater mummy
 66711 | Tomb:2   | Noticed a greater mummy
 66711 | Tomb:2   | Noticed a greater mummy
 66753 | Tomb:2   | Killed a greater mummy
 66764 | Tomb:2   | Killed a greater mummy
 66773 | Tomb:2   | Killed a greater mummy
 66797 | Tomb:2   | Killed a greater mummy
 67003 | Tomb:1   | Noticed a greater mummy
 67003 | Tomb:1   | Noticed a greater mummy
 67010 | Tomb:1   | Noticed a greater mummy
 67010 | Tomb:1   | Killed a greater mummy
 67013 | Tomb:1   | Noticed a greater mummy
 67013 | Tomb:1   | Noticed a greater mummy
 67025 | Tomb:1   | Noticed a greater mummy
 67033 | Tomb:2   | Killed a greater mummy
 67430 | Tomb:2   | Killed a greater mummy
 67767 | Tomb:1   | Killed a greater mummy
 67772 | Tomb:1   | Noticed a greater mummy
 67778 | Tomb:2   | Killed a greater mummy
 68315 | Tomb:2   | Killed a greater mummy
 68755 | Tomb:1   | Killed a greater mummy
 68859 | Tomb:1   | Noticed a greater mummy
 68871 | Tomb:1   | Killed a greater mummy
 68918 | Tomb:1   | Noticed a greater mummy
 68923 | Tomb:1   | Noticed a greater mummy
 68949 | Tomb:1   | Killed a greater mummy
 68958 | Tomb:1   | Noticed a greater mummy
 68967 | Tomb:1   | Killed a greater mummy
 69194 | Tomb:1   | Noticed a greater mummy
 69197 | Tomb:1   | Noticed a greater mummy
 69201 | Tomb:1   | Killed a greater mummy
 69206 | Tomb:1   | Noticed a greater mummy
 69207 | Tomb:1   | Killed a greater mummy
 69211 | Tomb:1   | Killed a greater mummy
 69230 | Tomb:1   | Killed a greater mummy
 69392 | Tomb:1   | Noticed a greater mummy
 69394 | Tomb:1   | Noticed a greater mummy
 69397 | Tomb:1   | Noticed a greater mummy
 69402 | Tomb:1   | Noticed a greater mummy
 69404 | Tomb:1   | Killed a greater mummy
 69405 | Tomb:1   | Noticed a greater mummy
 69406 | Tomb:1   | Killed a greater mummy
 69413 | Tomb:1   | Killed a greater mummy
 69713 | Tomb:1   | Killed a greater mummy
 69747 | Tomb:1   | Noticed a greater mummy
 69763 | Tomb:1   | Killed a greater mummy
 70097 | Tomb:1   | Killed a greater mummy
 70449 | Tomb:2   | Upgraded the game from 0.19-a0-811-gf4045fb to 0.19-a0-821-gf489216
 70450 | Tomb:3   | Entered Level 3 of the Tomb of the Ancients
 70515 | Tomb:3   | Noticed a greater mummy
 70516 | Tomb:3   | Noticed a greater mummy
 70547 | Tomb:3   | Noticed a greater mummy
 70549 | Tomb:3   | Noticed an ancient lich
 70634 | Tomb:3   | Noticed a greater mummy
 71147 | Tomb:2   | Killed an ancient lich
 71474 | Tomb:2   | Killed a greater mummy
 71484 | Tomb:2   | Killed a greater mummy
 72160 | Tomb:2   | Killed a greater mummy
 72163 | Tomb:2   | Killed a greater mummy
 72394 | Tomb:3   | Noticed a greater mummy
 72402 | Tomb:3   | Killed a greater mummy
 72452 | Tomb:3   | Noticed a greater mummy
 72491 | Tomb:3   | Killed a greater mummy
 72491 | Tomb:3   | Reached skill level 10 in Spellcasting
 72681 | Tomb:3   | Got a scorched jade ring
 72682 | Tomb:3   | Identified the ring of Ohapsunt {Wiz Dex+3} (You found it on level 3 of the Tomb of the Ancients)
 72796 | Tomb:3   | Got a golden rune of Zot
 72831 | Tomb:3   | Noticed a greater mummy
 72838 | Tomb:3   | Killed a greater mummy
 72883 | Tomb:3   | Identified Hiyluor's Disquisition on the Entrancing Arsonist
 72906 | Tomb:3   | Got a crude bronze ring
 72910 | Tomb:3   | Identified the ring of a Thousand Ships {Slay+2 SInv} (You found it on level 3 of the Tomb of the Ancients)
 72913 | Tomb:3   | Got a faintly glowing copper ring
 72914 | Tomb:3   | Identified the ring of Noon {Int+4 Dex+3} (You found it on level 3 of the Tomb of the Ancients)
 72927 | Tomb:3   | Got a vibrating marble ring
 72933 | Tomb:3   | Identified the ring "Ofahoh Pumi" {*Corrode rElec Dex+3 SInv} (You found it on level 3 of the Tomb of the Ancients)
 72937 | Tomb:3   | Got a transparent marble ring
 72938 | Tomb:3   | Identified the ring of Dibbuh {rF+ rN+} (You found it on level 3 of the Tomb of the Ancients)
 72946 | Tomb:3   | Identified the Reference Book on Contamination and Confrontation
 72962 | Tomb:3   | Got a shimmering plate armour
 72963 | Tomb:3   | Identified the +3 plate armour of Resonance {*Drain rC+ MR+ Regen+} (You found it on level 3 of the Tomb of the Ancients)
 73031 | Tomb:3   | Noticed an ancient lich
 73058 | Tomb:3   | Killed an ancient lich
 73190 | Zig:1    | Entered Level 1 of a ziggurat
 73214 | Zig:2    | Entered Level 2 of a ziggurat
 73240 | Zig:3    | Entered Level 3 of a ziggurat
 73244 | Zig:3    | Noticed Guapluu the pandemonium lord
 73260 | Zig:3    | Killed Guapluu the pandemonium lord
 73412 | Zig:4    | Entered Level 4 of a ziggurat
 73541 | Zig:4    | Got a scintillating bronze ring
 73544 | Zig:4    | Identified the ring "Qovuaj" {rElec rF+ rC+ Stlth+} (You found it on level 4 of a ziggurat)
 73550 | Zig:4    | Reached skill level 10 in Charms
 73552 | Zig:4    | Identified the Grimoire of Boosting Flames
 73557 | Zig:4    | Learned a level 3 spell: Regeneration
 73563 | Zig:5    | Entered Level 5 of a ziggurat
 73648 | Zig:6    | Entered Level 6 of a ziggurat
 73714 | Zig:7    | Entered Level 7 of a ziggurat
 73726 | Zig:7    | Noticed Olubby the pandemonium lord
 73738 | Zig:7    | Killed Olubby the pandemonium lord
 73754 | Zig:7    | Got a wavering pewter amulet
 73763 | Zig:7    | Identified the amulet of Sent {RegenMP rF+ Int+4 SInv} (You found it on level 7 of a ziggurat)
 73768 | Zig:7    | Got a coiled lead ring
 73769 | Zig:7    | Identified the ring of Xattuosk {rElec rF- rC+ EV+1 Dex+6} (You found it on level 7 of a ziggurat)
 73795 | Zig:8    | Entered Level 8 of a ziggurat
 73854 | Zig:9    | Entered Level 9 of a ziggurat
 73909 | Zig:9    | Reached skill level 27 in Axes
 73921 | Zig:9    | Identified the Guide on Shape Shifting and Snow
 73934 | Zig:10   | Entered Level 10 of a ziggurat
 74055 | Zig:10   | Got a bound lapis lazuli ring
 74056 | Zig:10   | Identified the ring of Nudevogo {rPois rF- EV+2 Int+5} (You found it on level 10 of a ziggurat)
 74085 | Zig:11   | Entered Level 11 of a ziggurat
 74141 | Zig:11   | Cast into level 3 of the Abyss (spatial maelstrom)
 74167 | Zig:11   | Escaped the Abyss
 74198 | Zig:11   | Got a warped scale mail
 74199 | Zig:11   | Identified the +1 scale mail of Kindness {-Cast rN+ rCorr} (You found it on level 11 of a ziggurat)
 74220 | Zig:12   | Entered Level 12 of a ziggurat
 74352 | Zig:13   | Entered Level 13 of a ziggurat
 74471 | Zig:13   | Got a pair of transparent boots
 74472 | Zig:13   | Identified the +1 pair of boots "Vodwaola" {rElec rC+ rCorr} (You found it on level 13 of a ziggurat)
 74478 | Zig:13   | Got a clouded amber ring
 74479 | Zig:13   | Identified the ring of Nujed {*Tele Str+5 Int+5 Slay-3} (You found it on level 13 of a ziggurat)
 74494 | Zig:14   | Entered Level 14 of a ziggurat
 75335 | Geh:1    | Entered Level 1 of Gehenna
 75658 | Geh:7    | Entered Level 7 of Gehenna
 75796 | Geh:7    | Noticed the Serpent of Hell
 75807 | Geh:7    | Killed the Serpent of Hell
 76086 | Geh:7    | Noticed Asmodeus
 76104 | Geh:7    | Killed Asmodeus
 76117 | Geh:7    | Got an obsidian rune of Zot
 76307 | Hell     | Found a gateway to the Iron City of Dis.
 76321 | Dis:1    | Entered Level 1 of the Iron City of Dis
 76365 | Dis:2    | Reached skill level 27 in Armour
 76778 | Dis:7    | Entered Level 7 of the Iron City of Dis
 76784 | Dis:7    | Noticed Dispater
 76804 | Dis:7    | Killed Dispater
 76835 | Dis:7    | Got an iron rune of Zot
 77159 | Tar:1    | Entered Level 1 of Tartarus
 77256 | Tar:1    | You fall through a shaft!
 77989 | Tar:7    | Entered Level 7 of Tartarus
 78206 | Tar:7    | Noticed Ereshkigal
 78675 | Tar:7    | Killed Ereshkigal
 78690 | Tar:7    | Got a bone rune of Zot
 78693 | Tar:7    | Identified the Papyrus of Companions
 78697 | Tar:7    | Got a slimy jade ring
 78698 | Tar:7    | Identified the ring "Reogoh" {+Fly SInv} (You found it on level 7 of Tartarus)
 78701 | Tar:7    | Identified Sif Muna's Papyrus of the Fetching Snowflakes
 78713 | Tar:7    | Got a jewelled plate armour
 78714 | Tar:7    | Identified the +6 plate armour of Henotheism {Dex+2} (You found it on level 7 of Tartarus)
 78973 | Coc:1    | Entered Level 1 of Cocytus
 79472 | Coc:5    | You fall through a shaft!
 79605 | Coc:7    | Entered Level 7 of Cocytus
 79961 | Coc:7    | Noticed Antaeus
 79981 | Coc:7    | Killed Antaeus
 79984 | Coc:7    | Got a shimmering triple sword {slice}
 79985 | Coc:7    | Identified the +9 triple sword "Echodup" {slice, rPois} (You took it off Antaeus on level 7 of Cocytus)
 80005 | Coc:7    | Got an icy rune of Zot
 80289 | Pan      | Entered Pandemonium
 80311 | Pan      | Found an exit through the horrors of the Abyss.
 80346 | Pan      | Noticed Mennas
 80365 | Pan      | Killed Mennas
 80823 | Pan      | Found a glowing silver altar of Zin.
 80858 | Pan      | Reached skill level 27 in Stealth
 81247 | Pan      | Noticed a seraph
 81256 | Pan      | Killed a seraph
 81265 | Pan      | Found a glowing golden altar of the Shining One.
 81282 | Pan      | Got a pitted golden ring
 81283 | Pan      | Identified the ring of Nisidgh {AC+2 Int+4} (You took it off a seraph in Pandemonium)
 81303 | Pan      | Got a demonic rune of Zot
 81305 | Pan      | Got a twitching jade ring
 81306 | Pan      | Identified the ring of Subusyrr {+Fly Stlth+} (You found it in Pandemonium)
 81319 | Pan      | Got a distressingly furry plate armour
 81320 | Pan      | Identified the +9 plate armour "Susiq" {rElec rN+ MR+} (You found it in Pandemonium)
 81637 | Pan      | Identified suvakkihuora's Volume of the Evil Voyage (You acquired it in Pandemonium)
 81644 | Pan      | Learned a level 5 spell: Dispel Undead
 81702 | Pan      | Found a white marble altar of Elyvilon.
 81933 | Pan      | Entered the realm of Gloorx Vloq.
 82018 | Pan      | Reached skill level 27 in Fighting
 82144 | Pan      | Noticed Gloorx Vloq
 82149 | Pan      | Killed Gloorx Vloq
 82203 | Pan      | Got a dark rune of Zot
 82302 | Pan      | Found an exit through the horrors of the Abyss.
 82416 | Pan      | Found an exit through the horrors of the Abyss.
 82442 | Pan      | Entered the realm of Lom Lobon.
 82831 | Pan      | Noticed Lom Lobon
 82880 | Pan      | Killed Lom Lobon
 82913 | Pan      | Got a magical rune of Zot
 83050 | Pan      | Found an exit through the horrors of the Abyss.
 83069 | Pan      | Found an exit through the horrors of the Abyss.
 83184 | Pan      | Found an exit through the horrors of the Abyss.
 83265 | Pan      | Noticed Ikalun the pandemonium lord
 83422 | Pan      | Killed Ikalun the pandemonium lord
 83458 | Pan      | Found an exit through the horrors of the Abyss.
 83478 | Pan      | Noticed Epizah the pandemonium lord
 83499 | Pan      | Killed Epizah the pandemonium lord
 83782 | Pan      | Entered the realm of Cerebov.
 83970 | Pan      | Found an exit through the horrors of the Abyss.
 84025 | Pan      | Identified the Almanac of Venom and Dislocation (You found it in Pandemonium)
 84185 | Pan      | Identified the Incunabulum of Cankerous Transmutation
 84235 | Pan      | Identified the Compendium of Moulding and Stones
 84243 | Pan      | Noticed Cerebov
 84370 | Pan      | Killed Cerebov
 84392 | Pan      | Identified the Disquisition on the Escort and Transmigration
 84414 | Pan      | Got a glittering brass amulet
 84415 | Pan      | Identified the amulet "Xiokount" {Reflect Dex+2 SH+3} (You found it in Pandemonium)
 84429 | Pan      | Got a fiery rune of Zot
 84440 | Pan      | Identified the Collected Works on Spatial Confrontation
 84528 | Pan      | Entered the realm of Mnoleg.
 84653 | Pan      | Gained mutation: You are occasionally teleported next to monsters. [a neqoxec]
 84747 | Pan      | Noticed Mnoleg
 84827 | Pan      | Killed Mnoleg
 84827 | Pan      | Reached skill level 15 in Evocations
 84864 | Pan      | Got a glowing rune of Zot
 84962 | Pan      | Found an exit through the horrors of the Abyss.
 84971 | Pan      | Took an exit into the Abyss.
 84971 | Abyss:1  | Escaped into the Abyss
 85076 | Depths:3 | Escaped the Abyss
 85077 | Depths:3 | Lost mutation: You are occasionally teleported next to monsters. [potion of cure mutation]
 85077 | Depths:3 | Lost mutation: You possess an exceptional clarity of mind. [potion of cure mutation]
 85077 | Depths:3 | Lost mutation: You are partially covered in rough black scales. (AC +4, Dex -1) [potion of cure mutation]
 85077 | Depths:3 | Lost mutation: Your skin changes colour to match your surroundings (Stealth+). [potion of cure mutation]
 85252 | Zot:5    | Noticed an ancient lich
 85260 | Zot:5    | Killed an ancient lich
 85311 | Zot:5    | Noticed an orb of fire
 85318 | Zot:5    | Gained mutation: You are clumsy. (Dex -2) [an orb of fire]
 85319 | Zot:5    | Killed an orb of fire
 85327 | Zot:5    | Lost mutation: You are clumsy. (Dex -2) [potion of cure mutation]
 85411 | Zot:5    | Noticed an ancient lich
 85422 | Zot:5    | Killed an ancient lich
 85424 | Zot:5    | Noticed an orb of fire
 85434 | Zot:5    | Killed an orb of fire
 85457 | Zot:5    | Noticed an ancient lich
 85471 | Zot:5    | Killed an ancient lich
 85473 | Zot:5    | Noticed an ancient lich
 85483 | Zot:5    | Killed an ancient lich
 85565 | Zot:5    | Got the Orb of Zot
 85612 | Zot:4    | Noticed a seraph
 85622 | Zot:4    | Noticed Duntitof the pandemonium lord
 85816 | Depths:2 | Noticed a seraph
 86250 | D:$      | Escaped with the Orb!

Vault maps used:
D:1:      dpeg_arrival_round_c
D:2:      minmay_roachtagon, kennysheep_generic_room_16, uniq_iyjb
D:3:      kennysheep_six_static_rooms, regret_index_temple_of_mockery,
          first_bread, eino_tiny_chamber
D:4:      old_forge, uniq_robin, uniq_eustachio, uniq_duvessa, uniq_edmund
D:6:      overflow_temple_1_default, lemuel_zombie_altar_yredelemnul,
          serial_shops, nicolae_shop_window_shopping
D:7:      hex_tiny, uniq_pikel
D:8:      serial_shops, shop, kennysheep_mini, nicolae_shop_stone,
          shop_fountains, nicolae_shop_waterfront
D:11:     lair_0_dummy, orc_0_dummy, serial_shops, shop, grunt_tengu_nest,
          uniq_snorg, uniq_grum
D:12:     kennysheep_demon_hangout, minmay_pinched_square, uniq_azrael,
          uniq_sonja
D:13:     hangedman_vaults_entry_quadrant_bands, spider_trap, roderic_batcave
D:14:     minmay_octo_star, serial_bayou_lagoon_a
D:15:     gammafunk_depths_entry_grave
Temple:   hc_temple_tempest_star
Lair:2:   minmay_lair_oklob_chamber, serial_bayou_shore_b, grunt_megastairs_1,
          uniq_nergalle
Lair:3:   minmay_lair_oklob_bushes, uniq_urug, uniq_harold, uniq_rupert
Lair:4:   minmay_shoals_entry_centaurs, dummy_snake_entry
Lair:5:   pond_and_an_island_with_a_cottage, st_stairs_7, pond
Lair:6:   evil_forest, dpeg_slime_entry_enclosed_altar, grunt_megastairs_3
Shoals:1: nicolae_shoals_kraken_intersection
Shoals:2: serial_shops, nicolae_shop_waterfront, kb_tengu_band, uniq_polyphemus
Shoals:4: shoals_end_simple, shoals_ilsuiw_ice
Snake:1:  serial_bayou_pond_c, uniq_aizul
Snake:2:  uniq_vashnia, uniq_saint_roka, uniq_jorgrun
Snake:3:  kennysheep_snake, spider_trap
Snake:4:  snake_pit_salamanders_mu, uniq_louise, uniq_donald
Orc:2:    pubby_orc_utopia
Elf:1:    minmay_elf_annihilation, uniq_kirke
Elf:2:    serial_shops, shop
Elf:3:    minmay_elf_hall_x, item_on_display_a
Vaults:1: nicolae_vaults_twisting_passages, ontoclasm_vaults_shuriken,
          hangedman_vaults_capsules, nicolae_vaults_diagonal_hallway_7,
          st_more_cells, grunt_vaults_hallway_short,
          ontoclasm_vaults_decontamination, nicolae_vaults_alarming
Vaults:2: v_misc_5, nicolae_vaults_little_squares_6, v_misc_17,
          hangedman_vaults_hat, vaults_dpeg_hooks, v_misc_25,
          nicolae_vaults_circle_grid_a, nicolae_vaults_what_the_h, v_misc_8,
          vaults_room_corners, vaults_dpeg_ring, nicolae_vaults_circle_grid_b,
          v_alt_pattern_5, nicolae_vaults_shelves_hall
Vaults:3: nicolae_vaults_stairing_the_circle, nicolae_vaults_shelves_hall,
          vaults_standard_mumra_x, minmay_crypt_entry_skeletal_spiral,
          grunt_vaults_hallway_long, nicolae_vaults_theta,
          ontoclasm_vaults_ligature, ontoclasm_vaults_chip, v_alt_pattern_4,
          ontoclasm_vaults_pinch
Vaults:4: vaults_room_fancy_cross, v_misc_10, v_alt_pattern_2, v_pattern_3,
          grunt_vaults_bifocal, nicolae_vaults_little_squares_4,
          v_alt_pattern_6, hangedman_vaults_impose,
          nicolae_vaults_little_squares_4
Vaults:5: serial_shops
Crypt:1:  basic_altar, lemuel_nasty_fountain, grunt_crypt_arrival_webbed
Crypt:2:  grunt_megastairs_4, basic_stair_grate_trap, uniq_khufu
Crypt:3:  lightli_unholy_cathedral, tomb_entry_forgotten_bobbens, uniq_mara
Depths:1: grunt_hell_horde, pan_entry, nicolae_lava_and_water,
          abyss_entry_flame_altar, hangedman_eye_storm, uniq_asterion
Depths:2: kennysheep_gozag_temple, minmay_misc_feat_more_columns,
          pf_vacation_house_of_asmodeus, grunt_ministairs_1,
          infiniplex_staircase_split_hallway
Depths:3: minmay_box_of_statues, kennysheep_boxes, grunt_pan_entry_spiral,
          grunt_hell_entry_dis_mu, infiniplex_staircase_squiggle
Depths:4: minmay_textured_paths, abyss_entry_crystal, serial_shops,
          nicolae_shop_crystal, hell_entry, spider_trap,
          infiniplex_staircase_trident, uniq_jory, uniq_margery
Depths:5: evilmike_zot_entry_castle, enter_ziggurat_b, hell_entry,
          nicolae_two_hexagons, abyss_entry, uniq_enchantress, uniq_frederick
Dis:4:    grunt_dis_stairs_iron_hall
Dis:7:    iron_city_of_dis
Geh:5:    hangedman_mysterious_dungeon_monster_house
Geh:7:    geh_old
Coc:7:    coc_grunt
Tar:4:    nicolae_tar_cuneiform_not
Tar:6:    nicolae_tar_fractal_crypt
Tar:7:    tar_minmay_river
Zot:3:    kennysheep_oblong_rooms
Zot:4:    lemuel_draconian_sentries_small, st_stairs_13
Abyss:1:  evilmike_abyss_exit_11
Abyss:3:  evilmike_abyss_exit_chaos, hangedman_abyss_sting,
          evilmike_abyss_rune_tso_outpost, evilmike_abyss_exit_11,
          evilmike_abyss_exit_6
Abyss:4:  evilmike_nicolae_abyss_rune_betentacled_crabyss, minivault_19,
          onia_ninara_dug_in_and_dangerous, evilmike_abyss_exit_15
Pan:      rand_demon_4, uniq_mennas_pan, pan_blood_fountain_small,
          evilmike_mini_pan_doors, rand_demon_7, nicolae_pan_sigil_eeng,
          grunt_pan_pentagram, evilmike_mini_pan_pillars_b, evilmike_holy_pan,
          gloorx_vloq_st, rand_demon_2, lom_lobon_spiral_st, grunt_pan_spiral,
          rand_demon_5, pan_blood_fountain, grunt_pan_sceptre,
          pan_blood_fountain, nicolae_pan_gloorx_vloqian_1,
          lemuel_hellion_island, evilmike_mini_pan_possible_glass,
          pan_blood_fountain, evilmike_mini_pan_V, evilmike_mini_pan_thingy,
          pan_blood_fountain, cerebov_grunt_fire_and_steel,
          pan_blood_fountain_small, evilmike_mini_pan_possible_glass,
          evilmike_mnoleg_eyes, pan_captured_pigsty
Zig:6:    ziggurat_pillar_centre_oklobs
Zig:7:    ziggurat_pillar_centre_smoke
Zig:8:    ziggurat_loot_2
Zig:9:    ziggurat_pillar_centre_c

Skill      XL: |  1  2  3  4  5  6  7  8  9 10 11 12 13 14 15 16 17 18 19 20 21 22 23 24 25 26 27 |
---------------+----------------------------------------------------------------------------------+-----
Fighting       | 2 3 4 5 6 7 8 9 11 13 15 16 18 20 22 23 24 25 26 27 | 27.0
Axes           | 1 3 4 7 11 13 14 15 16 17 18 21 23 24 26 27 | 27.0
Armour         | 3 7 9 11 13 15 16 17 18 19 20 27 | 27.0
Dodging        | 4 7 9 10 13 15 16 17 18 24 | 24.7
Shields        | 3 |  3.6
Evocations     | 6 8 10 17 | 17.6
Spellcasting   | 2 6 10 | 10.0
Translocations | 6 7 |  7.2
Charms         | 5 8 11 | 11.4
Invocations    | 7 9 |  9.0
Stealth        | 6 11 27 | 27.0
Necromancy     | 4 9 13 | 13.0
Poison Magic   | |  2.9

Action                   |  1- 3 |  4- 6 |  7- 9 | 10-12 | 13-15 | 16-18 | 19-21 | 22-24 | 25-27 || total
-------------------------+-------+-------+-------+-------+-------+-------+-------+-------+-------++-------
Melee: Unarmed           |    96 |    59 |       |       |       |       |       |     3 |       ||   158
       Headbutt          |    15 |    32 |    90 |   205 |   231 |   240 |   320 |   418 |  1438 ||  2989
       Hand axe          |       |    83 |   454 |   748 |       |       |       |       |       ||  1285
       Battleaxe         |       |       |       |   192 |   713 |   438 |  1291 |  1715 |  4339 ||  8688
       War axe           |       |       |       |       |     7 |       |       |       |       ||     7
       Broad axe         |       |       |       |       |    62 |       |       |       |       ||    62
       Executioner's axe |       |       |       |       |   407 |   748 |   162 |       |   566 ||  1883
Throw: Throwing net      |       |       |       |       |       |       |     1 |       |    17 ||    18
 Cast: Sting             |    39 |    47 |       |       |       |       |       |       |       ||    86
       Repel Missiles    |       |       |       |       |       |       |       |     5 |    23 ||    28
       Apportation       |       |       |       |       |       |       |       |     1 |     7 ||     8
       Blink             |       |       |       |       |       |       |       |     1 |     6 ||     7
       Passage of Golubr |       |       |       |       |       |       |       |       |    21 ||    21
       Regeneration      |       |       |       |       |       |       |       |       |    36 ||    36
       Control Undead    |       |       |       |       |       |       |       |       |    26 ||    26
       Call Imp          |       |       |       |       |       |       |       |       |     2 ||     2
Invok: Berserk           |       |       |       |    12 |    13 |     8 |       |       |       ||    33
       Trog's Hand       |       |       |       |     3 |     5 |     9 |     2 |       |       ||    19
       Brothers in Arms  |       |       |       |       |     2 |     2 |     4 |       |       ||     8
       Burn Spellbooks   |       |       |       |       |     2 |     4 |       |       |       ||     6
       Greater Servant o |       |       |       |       |       |       |       |       |     2 ||     2
Evoke: Wand              |       |       |       |     1 |     4 |     8 |     2 |     7 |    48 ||    70
       Box of beasts     |       |       |       |       |       |       |       |     5 |     7 ||    12
       Phial of floods   |       |       |       |       |       |       |       |     1 |       ||     1
       Sack of spiders   |       |       |       |       |       |       |       |     4 |     1 ||     5
       Lamp of fire      |       |       |       |       |       |       |       |       |     5 ||     5
       Horn of Geryon    |       |       |       |       |       |       |       |       |     2 ||     2
       Phantom mirror    |       |       |       |       |       |       |       |       |     4 ||     4
       Fan of gales      |       |       |       |       |       |       |       |       |     1 ||     1
       Figurine of a zig |       |       |       |       |       |       |       |       |     1 ||     1
  Use: Scroll            |       |       |    16 |     8 |    15 |    14 |    14 |    27 |    74 ||   168
       Potion            |       |       |       |       |     6 |     5 |     1 |    10 |    37 ||    59
 Stab: Sleeping          |       |     3 |       |       |       |     1 |       |       |    79 ||    83
       Distracted        |       |       |       |     1 |       |     1 |     2 |     2 |    23 ||    29
       Held in net/web   |       |       |       |       |       |       |     2 |       |    14 ||    16
       Confused          |       |       |       |       |       |       |       |       |     1 ||     1
  Eat: Chunk             |     4 |     7 |    13 |    33 |    18 |    18 |    20 |       |     9 ||   122
       Pizza             |       |     1 |       |       |     4 |     1 |       |       |     3 ||     9
       Beef jerky        |       |       |     1 |       |     2 |       |     1 |     4 |     7 ||    15
       Royal jelly       |       |       |       |       |     3 |       |       |     1 |     1 ||     5
       Bread ration      |       |       |       |       |     4 |     4 |     5 |     4 |     6 ||    23
       Fruit             |       |       |       |       |     1 |     9 |     2 |     8 |     2 ||    22
       Meat ration       |       |       |       |       |       |       |       |     1 |    11 ||    12
Armor: Robe              |    26 |    42 |       |       |       |       |       |       |       ||    68
       Chain mail        |       |       |    63 |    82 |   207 |       |       |       |       ||   352
       Scale mail        |       |       |   107 |   138 |   412 |   325 |       |       |       ||   982
       Pearl dragon armo |       |       |       |       |       |   195 |   522 |   763 |  2573 ||  4053
       Skin              |       |       |       |       |       |       |       |     4 |       ||     4
Dodge: Dodged            |    54 |   103 |   147 |   351 |   880 |   599 |   757 |  1354 |  4666 ||  8911
       Deflected         |       |       |       |       |       |       |       |    12 |    91 ||   103
Block: Buckler           |       |       |       |    73 |       |       |       |       |       ||    73
       Other             |       |       |       |       |       |    22 |    64 |    82 |   132 ||   300
       Reflection        |       |       |       |       |       |     3 |     6 |     6 |     3 ||    18
